 Dungeon Crawl Stone Soup version 0.18-a0-9-gd4dcb6f (webtiles) character file.

6171 Hedron the Grappler (level 10, -10/98 HPs)
             Began as a Troll Monk on Nov 1, 2015.
             Was the Champion of Cheibriados.
             Mangled by a nine-headed hydra (14 damage)
             ... on level 1 of the Lair of Beasts.
             The game lasted 00:23:39 (7631 turns).

Hedron the Grappler (Troll Monk)                    Turns: 7631, Time: 00:23:40

Health: -10/98     AC:  8    Str: 36    XL:     10   Next: 60%
Magic:  13/13      EV: 18    Int: 21    God:    Cheibriados [******]
Gold:   275        SH:  0    Dex: 30    Spells: 1 memorised, 4 levels left

rFire  . . .     SeeInvis .       - Unarmed
rCold  . . .     Clarity  .     q - +2 robe {rN+}
rNeg   + . .     SustAt   .     (no shield)
rPois  .         Gourm    +     F - +1 hat
rElec  .         Spirit   .     (no cloak)
rCorr  .         Warding  .     (gloves unavailable)
rMut   .         Stasis   .     (boots unavailable)
MR     +....                    n - amulet of faith
Stlth  +++.......               m - +2 ring of evasion
                                a - ring of protection from magic

@: very slow, somewhat resistant to hostile enchantments, fairly stealthy
A: unfitting armour, claws 3, fast metabolism 3, gourmand, regeneration 2,
shaggy fur 1, tough skin 2
a: Bend Time, Temporal Distortion, Slouch, Step From Time, Renounce Religion


You were on level 1 of the Lair of Beasts.
You worshipped Cheibriados.
Cheibriados was exalted by your worship.
You were very full.

You visited 3 branches of the dungeon, and saw 10 of its levels.
You also visited: Ossuary.

You collected 275 gold pieces.

Inventory:

Hand Weapons
 I - a +5 blowgun
Missiles
 u - 3 curare-tipped needles
Armour
 k - a +0 robe of fire resistance
 q - a +2 robe of positive energy (worn)
 F - a +1 hat (worn)
Jewellery
 a - a ring of protection from magic (left claw)
 m - a +2 ring of evasion (right claw)
 n - an amulet of faith (around neck)
 y - an uncursed ring of positive energy
Wands
 e - a wand of digging (4)
 v - a wand of fireball (10)
 x - a wand of digging (6)
 J - a wand of confusion (11)
 K - a wand of cold (8)
Scrolls
 c - 5 scrolls of amnesia
 o - 5 scrolls of teleportation
 r - 2 scrolls of remove curse
 t - a scroll of magic mapping
 D - 3 scrolls of blinking
 H - a scroll of recharging
Potions
 d - 2 potions of magic
 g - 6 potions of curing
 j - 2 potions of invisibility
 l - a potion of mutation
 p - a potion of might
 s - 2 potions of lignification
 w - a potion of agility
 z - a potion of resistance
 A - a potion of flight {unknown}
 B - a potion of beneficial mutation {unknown}
 C - a potion of cure mutation {unknown}
 G - a potion of heal wounds {unknown}
Comestibles
 b - 6 bread rations
 f - 3 fruits
 h - 3 meat rations
 i - 4 beef jerkies
 E - a slice of pizza


   Skills:
 + Level 5.8 Fighting
 + Level 6.1 Dodging
 - Level 1.1 Stealth
 * Level 11.9 Unarmed Combat
 + Level 6.0 Invocations


You had 4 spell levels left.
You knew the following spells:

 Your Spells              Type           Power        Failure   Level  Hunger
a - Blade Hands           Trmt           #.........   100%        5    ######.


Dungeon Overview and Level Annotations

Branches:
Dungeon (8/15)             Temple (1/1) D:4            Lair (1/8) D:8

Altars:
Ashenzari
Cheibriados
Dithmenos
Elyvilon
Fedhas
Gozag
Kikubaaqudgha
Makhleb
Nemelex Xobeh
Okawaru
Qazlal
Ru
Sif Muna
Trog
Vehumet
Xom
Yredelemnul
Zin
The Shining One

Shops:
D:7 :   D:8 (


Innate Abilities, Weirdness & Mutations

You are too large for most types of armour.
You have claws for hands.
Your metabolism is lightning-fast.
You like to eat raw meat.
You heal very quickly.
You are covered in fur (AC +1).
You have very tough skin (AC +2).


Message History

The nine-headed hydra barely misses you.
The nine-headed hydra bites you! The nine-headed hydra bites you.
* * * LOW HITPOINT WARNING * * *
The nine-headed hydra closely misses you.
The nine-headed hydra bites you!
* * * LOW HITPOINT WARNING * * *
The nine-headed hydra barely misses you.
You barely miss the nine-headed hydra.
The nine-headed hydra is heavily wounded.
The nine-headed hydra bites you but does no damage.
The nine-headed hydra bites you.
* * * LOW HITPOINT WARNING * * *
The nine-headed hydra bites you!
* * * LOW HITPOINT WARNING * * *
The nine-headed hydra bites you.
* * * LOW HITPOINT WARNING * * *
The nine-headed hydra bites you.
* * * LOW HITPOINT WARNING * * *
The nine-headed hydra bites you!
You die...

..........#
.............#
#.............##
#......#.......#
#......##.....##
#...... #.....P#
#....#.##...#.P#
.......D#...#.##
#...@....#.#
#.#......#>.#
#........P.#
#.#...(#...#
#.#..(.#...#
....(..#....#
...#........$#
.........#...##
.........#...#


You could see a nine-headed hydra.

Vanquished Creatures
  An unseen horror (D:7)
  Pikel (D:6)
  The ghost of twist the Chopper, an amateur DgFi (D:4)
  Prince Ribbit (D:5)
  A two-headed ogre (D:8)
  The ghost of bluenote the Cudgeler, an amateur GrFi of Okawaru (D:3)
  A wyvern (D:8)
  A hippogriff (D:7)
  Edmund (D:6)
  A water moccasin (Lair:1)
  The ghost of Hedron the Ruffian, an amateur VSMo (Ossuary)
  Duvessa (D:6)
  2 sky beasts
  5 orc warriors
  2 slaves (D:6)
  A phantom (D:7)
  A black bear (D:8)
  2 centaurs
  An ice beast (D:5)
  3 ogres
  A big kobold (D:8)
  3 giant frogs
  3 elf zombies (Ossuary)
  Dowan (D:6)
  A scorpion (D:8)
  2 vampire bats (D:2)
  4 killer bees (D:7)
  A jelly (D:5)
  3 centaur zombies
  2 giant frog zombies (D:8)
  7 orc priests
  2 crimson imps
  A centaur skeleton (D:4)
  3 hounds
  8 orc wizards
  2 human zombies (Ossuary)
  Jessica (D:2)
  An iguana (D:6)
  8 worker ants
  2 big kobold zombies (Ossuary)
  A hound zombie (D:5)
  2 hound skeletons
  2 mummies (Ossuary)
  7 gnolls
  12 adders
  4 shadow imps
  3 oozes
  An adder zombie (Ossuary)
  An adder skeleton (D:4)
  A worm (D:3)
  5 giant geckos
  29 orcs
  4 bat skeletons (D:2)
  3 giant cockroaches
  6 hobgoblins
  11 kobolds
  4 quokkas
  11 bats
  A giant gecko zombie (D:7)
  4 giant newts
  7 goblins
  5 hobgoblin zombies (Ossuary)
  A jackal zombie (Ossuary)
  9 kobold zombies (Ossuary)
  10 orc zombies (Ossuary)
  A quokka skeleton (D:4)
  A quokka zombie (D:8)
  3 rats
  A butterfly (D:4)
  A fungus (D:6)
236 creatures vanquished.

Notes
Turn   | Place    | Note
--------------------------------------------------------------
     0 | D:1      | Hedron the Troll Monk began the quest for the Orb.
     0 | D:1      | Reached XP level 1. HP: 22/22 MP: 0/0
   220 | D:1      | You fall through a shaft!
   282 | D:1      | Reached XP level 2. HP: 29/29 MP: 1/1
   781 | D:2      | Found an opulent altar of Gozag.
   866 | D:2      | Noticed Jessica
   874 | D:2      | Killed Jessica
   874 | D:2      | Reached skill level 5 in Unarmed Combat
   874 | D:2      | Reached XP level 3. HP: 36/36 MP: 2/2
  1184 | D:2      | Reached XP level 4. HP: 44/44 MP: 3/3
  1192 | D:2      | Found an ancient bone altar of Kikubaaqudgha.
  1192 | D:2      | Noticed a vampire bat
  1192 | D:2      | Noticed a vampire bat
  1198 | D:2      | Killed a vampire bat
  1198 | D:2      | Reached skill level 6 in Unarmed Combat
  1201 | D:2      | Killed a vampire bat
  1201 | D:2      | Reached XP level 5. HP: 50/50 MP: 4/4
  1722 | D:3      | Noticed bluenote's ghost (amateur GrFi)
  1748 | D:3      | Killed bluenote's ghost
  1748 | D:3      | Reached skill level 7 in Unarmed Combat
  1748 | D:3      | Reached XP level 6. HP: 59/59 MP: 5/5
  2090 | D:3      | Reached skill level 8 in Unarmed Combat
  2317 | D:3      | Found a basalt altar of Yredelemnul.
  2322 | D:3      | Found a sacrificial altar of Ru.
  2327 | D:3      | Found a shimmering altar of Xom.
  2598 | D:4      | Found a staircase to the Ecumenical Temple.
  2618 | Temple   | Entered the Ecumenical Temple
  2716 | Temple   | Became a worshipper of Cheibriados the Contemplative
  2716 | Temple   | Reached * piety under Cheibriados
  2716 | Temple   | Reached ** piety under Cheibriados
  2972 | D:4      | Noticed twist's ghost (amateur DgFi)
  2979 | D:4      | Killed twist's ghost
  2979 | D:4      | Reached skill level 1 in Invocations
  2979 | D:4      | Reached XP level 7. HP: 64/66 MP: 5/7
  3128 | D:4      | Learned a level 5 spell: Blade Hands
  3524 | D:5      | Entered Level 5 of the Dungeon
  3815 | D:5      | Noticed Prince Ribbit
  3831 | D:5      | Killed Prince Ribbit
  3831 | D:5      | Reached *** piety under Cheibriados
  3831 | D:5      | Reached skill level 9 in Unarmed Combat
  3831 | D:5      | Reached XP level 8. HP: 34/75 MP: 8/8
  4494 | D:6      | Found a blossoming altar of Fedhas.
  4645 | D:6      | Noticed Edmund
  4651 | D:6      | Killed Edmund
  4837 | D:6      | Noticed Duvessa
  4837 | D:6      | Noticed Dowan
  4845 | D:6      | Killed Duvessa
  4852 | D:6      | Killed Dowan
  4946 | D:6      | Reached **** piety under Cheibriados
  4977 | D:6      | Found a white marble altar of Elyvilon.
  4990 | D:6      | Reached skill level 10 in Unarmed Combat
  4990 | D:6      | Reached XP level 9. HP: 53/84 MP: 10/10
  5079 | D:6      | Noticed Pikel
  5121 | D:6      | Killed Pikel
  5420 | D:7      | Found Xippur's Book Shop.
  5512 | D:7      | Reached ***** piety under Cheibriados
  5513 | D:7      | Reached skill level 5 in Dodging
  5637 | D:7      | Found a sand-covered staircase.
  5652 | Ossuary  | Entered an ossuary
  5712 | Ossuary  | Noticed Hedron's ghost (amateur VSMo)
  5730 | Ossuary  | Killed Hedron's ghost
  5735 | Ossuary  | Reached skill level 5 in Fighting
  5778 | Ossuary  | Reached skill level 11 in Unarmed Combat
  6044 | D:7      | Reached ****** piety under Cheibriados
  6049 | D:7      | Reached skill level 5 in Invocations
  6240 | D:7      | Reached XP level 10. HP: 96/96 MP: 12/12
  6317 | D:7      | Killed an unseen horror
  6771 | D:8      | Found a staircase to the Lair.
  6868 | D:8      | Found a burning altar of Makhleb.
  7404 | D:8      | Found Bymi's Antique Weapon Shop.
  7510 | Lair:1   | Entered Level 1 of the Lair of Beasts
  7614 | Lair:1   | Noticed a five-headed hydra
  7631 | Lair:1   | HP: 4/98 [nine-headed hydra (2)]
  7631 | Lair:1   | Mangled by a nine-headed hydra

Vault maps used:
D:1:      minmay_arrival_cross, grunt_decor_cap
D:2:      grunt_gozag_statues, kennysheep_vampire_church, uniq_jessica
D:3:      minmay_overflow_temple_star_quad, first_bread
D:4:      minmay_temple_entry_butterflies
D:5:      uniq_prince_ribbit1
D:6:      lemuel_round_altar, fedhas_altar_3, uniq_pikel, uniq_edmund,
          uniq_duvessa
D:7:      serial_shops, nicolae_shop_behind_doors,
          nicolae_ossuary_entry_false_entrances
D:8:      lemuel_round_altar, lair_0_dummy, serial_shops, shop
Temple:   jpeg_temple_clearing_12
Lair:1:   forest_paths, special_room, zaba_antful_of_joy
Ossuary:  ossuary_tomb_1

Action                   |  1- 3 |  4- 6 |  7- 9 | 10-12 || total
-------------------------+-------+-------+-------+-------++-------
Melee: Unarmed           |    55 |   115 |   309 |   109 ||   588
 Fire: Blowgun           |       |       |       |     3 ||     3
Invok: Temporal Distorti |       |       |     1 |       ||     1
       Slouch            |       |       |       |     1 ||     1
Evoke: Wand              |       |       |       |     1 ||     1
  Use: Scroll            |     6 |     3 |    12 |    10 ||    31
       Potion            |       |     1 |       |       ||     1
 Stab: Sleeping          |     6 |     3 |     7 |     7 ||    23
       Distracted        |       |       |     1 |     1 ||     2
       Confused          |       |       |       |     3 ||     3
  Eat: Chunk             |     9 |    21 |    20 |     9 ||    59
       Pizza             |       |     1 |       |       ||     1
